AoeStats
← billigertheurer

Migration

509748904Analyzed
1v1 RM · 3d ago on Sep 27, 2026· 71m 27s· 2 players
Game mode
Random Map
Map size
132×132
Population
200
Speed
Normal
Resources
Standard
Victory
Conquest
Starting age
Dark Age
Ending age
Imperial Age
RankedLock teamsTeams togetherTeam positionsShared explorationLock speedFull tech treeHidden civsTurbo modeCheats
Victory
Defeat
🇨🇦 Britons · Canada
357
+17
🇩🇪 Berbers · Germany
377
-17
mazenhassan23
10:40 Loom
12:26 Feudal Age
14:41 Fishing Lines
21:54 Castle Age
28:20 Wheelbarrow
27:32 Town Watch
28:17 Gillnets
29:01 Medium Warships
29:59 Arson
30:01 Gambesons
31:12 Husbandry
32:39 Man-at-Arms
33:58 Long Swordsman
36:42 Hand Cart
38:45 Gold Mining
38:45 Stone Mining
47:04 Imperial Age
47:55 Cavalier
48:43 Cavalier
51:06 Two-Handed Swordsman
53:44 Two-Handed Swordsman
69:51 Spies/Treason
billigertheurer
15:20 Feudal Age
13:57 Loom
16:59 Wheelbarrow
16:20 Double-Bit Axe
16:20 Horse Collar
16:29 Town Watch
16:45 Gold Mining
16:51 Stone Mining
17:22 Fishing Lines
17:28 Fishing Lines
25:56 Castle Age
27:11 Hand Cart
26:57 Town Patrol
27:03 Town Patrol
27:44 Gold Shaft Mining
27:11 Heavy Plow
27:25 Forging
27:15 Scale Mail Armor
27:55 Stone Shaft Mining
28:48 Iron Casting
28:29 Bow Saw
30:13 Scale Barding Armor
30:24 Chain Mail Armor
33:46 Chain Barding Armor
37:13 Gillnets
45:07 Imperial Age
43:21 Kasbah
45:24 Elite Camel Archer
46:06 Maghrebi Camels
45:30 Elite Camel Archer
46:12 Maghrebi Camels
46:35 Maghrebi Camels
45:58 Elite Camel Archer
47:27 Hoardings
46:26 Elite Camel Archer
Connection lost

Rejoining the realm…

Still unreachable

The connection could not be restored.

Session expired

The server has moved on; the page needs a fresh start.